Map: 亚历山大港 - 天梯版

Players

Replicant

  • Race: Terran Terran
  • League: Gold

Lambo - Winner!

  • Race: Zerg Zerg
  • League: Gold

Event: WESG 2018 Grand Finals

VOD

Have the link to the VOD?

Description

Time

  • Played on: March 11, 2019, 2:39 a.m.
  • Length: 16:41

All games in this series

Show
View Real Time Build Order
Export as new Build Order

Replicant Terran 

Build Orders:  

Get SALT Encoding   

  12  0:00  SCV  
  13  0:13  SCV  
  14  0:18  Supply Depot  
  14  0:25  SCV  
  15  0:39  SCV  
  15  0:41  Barracks  
  16  0:44  Refinery  
  16  0:51  SCV  
  17  1:03  SCV  
  18  1:16  SCV  
  19  1:28  Barracks Reactor, Orbital Command  
  19  1:42  Command Center  
  19  1:55  SCV  
  19  1:56  Supply Depot  
  20  2:07  Factory  
  20  2:08  Marine  
  20  2:09  Marine  
  20  2:12  SCV  
  23  2:24  SCV  
  23  2:25  Refinery  
  23  2:27  Marine x2  
  26  2:36  SCV  
  27  2:47  Marine x2  
  27  2:48  SCV  
  30  2:52  Starport  
  30  2:54  Orbital Command  
  30  2:57  Factory Reactor  
  30  3:00  SCV  
  31  3:07  Marine x2  
  31  3:12  SCV  
  34  3:20  Supply Depot  
  34  3:21  SCV  
  34  3:24  SCV  
  34  3:25  Marine x2  
  38  3:33  SCV  
  39  3:36  SCV  
  39  3:40  Medivac x2  
  44  3:46  Supply Depot  
  44  3:47  Widow Mine, SCV  
  47  3:48  Marine, SCV  
  47  3:50  Marine  
  50  3:59  SCV  
  50  4:00  SCV  
  52  4:13  SCV x2  
  52  4:15  Command Center  
  54  4:19  Supply Depot  
  54  4:20  Hellion  
  54  4:21  Hellion  
  54  4:23  Liberator x2  
  58  4:25  Supply Depot  
  58  4:27  SCV x2  
  60  4:37  Barracks Tech Lab  
  60  4:41  SCV x2  
  68  4:51  Hellion x2  
  72  4:55  SCV x2  
  68  5:07  SCV x2  
  68  5:09  Refinery  
  68  5:10  Armory, Refinery  
  68  5:14  Hellion x2, Barracks Tech Lab  
  74  5:19  SCV x2  
  75  5:28  Orbital Command  
  75  5:30  Supply Depot  
  75  5:40  SCV x2  
  77  5:44  Hellion x2  
  77  5:48  Factory x2  
  81  5:54  Viking x2  
  85  5:57  SCV x2  
  85  5:58  Orbital Command  
  85  5:59  Supply Depot  
  84  6:06  Hellion x2, Refinery  
  84  6:09  Refinery  
  84  6:10  SCV  
  85  6:26  SCV x2  
  85  6:29  Hellion x2  
  87  6:34  Factory  
  87  6:35  Factory  
  80  6:40  Cyclone x2, Infernal Pre-Igniter  
  80  6:46  Mag-Field Accelerator  
  78  6:47  SCV  
  78  6:48  SCV x2  
  78  6:56  Terran Vehicle And Ship Armor Level 1, Supply Depot  
  78  6:57  Supply Depot  
  78  7:00  SCV x2  
  80  7:02  Hellion x2  
  80  7:06  Supply Depot  
  84  7:08  Supply Depot  
  84  7:09  Medivac x2  
  84  7:12  Cyclone  
  84  7:15  SCV x3  
  94  7:19  Cyclone  
  97  7:24  Supply Depot  
  97  7:25  Factory Tech Lab  
  97  7:27  SCV, Supply Depot  
  98  7:30  SCV x2  
  98  7:33  Factory Tech Lab  
  98  7:35  Engineering Bay  
  100  7:39  SCV  
  100  7:42  SCV  
  100  7:43  Hellion x2  
  106  7:45  SCV  
  106  7:46  Command Center  
  106  7:49  Supply Depot  
  106  7:51  Cyclone  
  108  7:52  Cyclone  
  114  7:58  Cyclone x2  
  117  8:10  Supply Depot  
  117  8:23  Cyclone  
  117  8:24  Cyclone  
  121  8:28  Command Center  
  121  8:30  Cyclone x2  
  123  8:40  Liberator x2  
  107  8:55  Cyclone, Hellion  
  112  8:56  Hellion, Cyclone  
  112  8:57  Supply Depot  
  112  9:02  Cyclone x2  
  124  9:16  SCV x3  
  120  9:17  Hellion x2  
  103  9:27  Cyclone  
  103  9:28  Cyclone  
  99  9:35  Hellion x2  
  100  9:38  Hellion x2  
  100  9:44  SCV x2  
  95  9:56  Cyclone, Hellion  
  95  9:59  Cyclone  
  105  10:00  Hellion x2, Cyclone  
  92  10:11  Planetary Fortress  
  92  10:13  SCV x2  
  92  10:14  SCV  
  92  10:18  Hellion  
  96  10:21  Hellion x2  
  96  10:25  SCV  
  96  10:26  SCV  
  96  10:28  Cyclone, SCV  
  102  10:31  Cyclone  
  102  10:32  Cyclone  
  108  10:38  SCV x2  
  108  10:39  Cyclone  
  108  10:40  SCV  
  114  10:48  Viking  
  116  10:51  SCV x2  
  116  10:53  Supply Depot  
  116  10:56  SCV x2  
  117  11:00  Cyclone  
  117  11:03  SCV x2  
  119  11:06  Cyclone  
  119  11:08  SCV x2  
  124  11:12  Terran Vehicle And Ship Armor Level 2  
  124  11:15  SCV  
  124  11:16  SCV, Supply Depot  
  126  11:20  SCV  
  126  11:21  Orbital Command  
  126  11:24  Factory  
  127  11:25  Factory  
  127  11:32  Cyclone x2  
  133  11:33  Hellion  
  133  11:34  Hellion x2  
  133  11:38  SCV x2  
  135  11:40  Cyclone  
  130  11:54  SCV x3  
  130  11:55  Cyclone, Hellion x2  
  130  11:56  Refinery x2  
  140  12:04  Cyclone x2  
  140  12:06  Viking x2  
  147  12:12  Cyclone  
  146  12:23  Factory Tech Lab, Factory Reactor  
  146  12:27  Cyclone  
  145  12:36  Cyclone, Viking x2, SCV x3  
  145  12:37  Cyclone  
  150  12:40  Refinery  
  150  12:45  Cyclone  
  150  12:48  Missile Turret  
  150  12:50  Cyclone  
  156  12:55  SCV x3  
  159  12:58  Refinery  
  159  12:59  Cyclone  
  159  13:01  Hellion x4  
  170  13:08  Cyclone  
  170  13:09  Cyclone, SCV  
  170  13:10  SCV  
  178  13:17  Cyclone  
  184  13:25  Viking x2  
  169  13:40  Hellion x2  
  172  13:45  Starport x2, Fusion Core, SCV x2  
  172  13:46  SCV x2  
  171  13:54  Terran Vehicle And Ship Armor Level 3  
  169  13:58  Armory  
  172  14:06  Thor x3  
  178  14:10  Viking  
  178  14:16  Viking  
  182  14:29  Starport Tech Lab, Command Center  
  182  14:30  Starport Reactor  
  178  14:40  Viking  
  178  14:41  Cyclone x2  
  178  14:42  Hellion x2  
  186  14:49  Cyclone x2, Hellion x2  
  196  14:53  Cyclone, Liberator  
  195  15:02  SCV x2  
  195  15:03  Missile Turret  
  195  15:10  Advanced Ballistics  
  198  15:14  Missile Turret  
  198  15:15  Liberator x2  
  192  15:31  Liberator  
  192  15:32  Liberator  
  172  15:36  Cyclone x2, Liberator  
  172  15:37  Hellion x2  
  150  15:57  Cyclone x2  
  150  15:58  Cyclone  
  150  15:59  Hellion x2  
Show
View Real Time Build Order
Export as new Build Order

Lambo Zerg - Winner!

Build Orders: Hatch First, Brood Lord Corruptor 

Get SALT Encoding   

  12  0:01  Drone  
  13  0:13  Overlord  
  13  0:17  Drone  
  14  0:33  Drone x2  
  16  0:50  Hatchery  
  16  0:53  Drone  
  16  0:56  Drone  
  17  1:00  Drone  
  18  1:11  Extractor  
  17  1:15  Spawning Pool  
  16  1:18  Drone  
  16  1:22  Drone  
  18  1:29  Drone  
  19  1:40  Drone  
  20  1:53  Overlord  
  20  2:01  Queen x2  
  20  2:02  Zergling x4  
  26  2:11  Drone  
  26  2:12  Drone  
  28  2:17  Metabolic Boost  
  28  2:28  Drone  
  28  2:29  Drone  
  30  2:41  Hatchery  
  29  2:48  Pneumatized Carapace, Drone  
  30  2:52  Drone  
  30  2:54  Drone  
  30  2:57  Drone  
  33  3:03  Drone x2  
  35  3:08  Overlord  
  35  3:13  Drone  
  35  3:14  Overlord  
  36  3:26  Queen  
  38  3:27  Drone x3  
  38  3:28  Drone  
  38  3:32  Overlord  
  42  3:40  Evolution Chamber  
  41  3:41  Drone x2  
  41  3:42  Drone  
  41  3:47  Queen  
  45  3:49  Drone x2  
  45  3:53  Drone x2  
  49  3:58  Overlord  
  49  4:01  Overlord  
  49  4:07  Baneling Nest  
  49  4:09  Spore Crawler  
  47  4:10  Queen  
  47  4:16  Drone x2  
  52  4:17  Drone x2  
  52  4:22  Drone x2  
  55  4:25  Queen  
  55  4:28  Zergling x2  
  55  4:31  Zergling x4  
  60  4:37  Zergling x8  
  64  4:42  Zergling x4  
  64  4:43  Zergling x2  
  67  4:51  Overlord  
  67  4:52  Zergling x4  
  69  4:53  Drone  
  69  4:54  Drone x2  
  69  4:58  Zergling x4  
  74  5:03  Drone x3  
  74  5:06  Drone  
  74  5:10  Drone x2  
  74  5:13  Overlord  
  76  5:16  Zerg Ground Armor Level 1  
  76  5:17  Lair  
  76  5:19  Zergling x2  
  76  5:20  Zergling x4  
  79  5:22  Drone x4  
  79  5:25  Overlord  
  83  5:31  Overlord, Extractor x2  
  83  5:33  Overlord  
  83  5:34  Drone  
  82  5:39  Drone x2, Extractor  
  82  5:40  Extractor  
  82  5:41  Queen  
  82  5:42  Overlord, Extractor  
  83  5:43  Drone x3  
  83  5:47  Drone x4  
  83  5:48  Drone  
  91  5:54  Drone  
  92  6:01  Drone x2  
  94  6:04  Drone  
  94  6:08  Roach Warren  
  94  6:10  Baneling x6  
  94  6:11  Zergling x10  
  94  6:16  Baneling x2  
  94  6:17  Zergling x8  
  103  6:23  Drone x5  
  97  6:34  Drone x3  
  86  6:44  Drone x3  
  86  6:45  Drone x2  
  83  6:50  Infestation Pit  
  83  6:51  Drone  
  82  6:55  Glial Reconstitution  
  82  6:58  Drone x3  
  85  7:06  Drone  
  85  7:08  Roach, Hatchery  
  87  7:12  Roach x3  
  87  7:13  Roach  
  95  7:16  Roach x2  
  95  7:20  Zerg Missile Weapons Level 1  
  99  7:27  Roach x3  
  99  7:28  Roach x2  
  99  7:29  Infestor  
  111  7:33  Infestor, Overseer  
  113  7:37  Overlord  
  113  7:38  Overlord  
  113  7:46  Overlord  
  113  7:48  Overlord  
  113  7:51  Overlord  
  113  7:52  Overlord  
  113  7:53  Overlord  
  113  7:56  Overlord  
  113  8:02  Roach x2, Spire  
  113  8:03  Overlord  
  112  8:07  Roach x2  
  112  8:12  Roach x3  
  122  8:18  Roach x4  
  130  8:21  Roach  
  130  8:22  Roach  
  130  8:25  Roach x2  
  138  8:29  Roach  
  138  8:30  Roach, Zergling x4  
  143  8:35  Lair  
  143  8:44  Hatchery  
  143  8:45  Roach x3  
  143  8:48  Drone x3  
  149  8:57  Drone x3  
  149  8:59  Drone x2  
  149  9:00  Drone  
  154  9:04  Roach x2  
  154  9:05  Roach x2  
  159  9:10  Zergling x6  
  157  9:17  Roach x3  
  157  9:21  Roach x2  
  158  9:26  Roach x2  
  154  9:31  Roach x2  
  154  9:40  Hive  
  154  9:43  Roach x3  
  157  9:50  Roach x4  
  153  10:03  Roach x5  
  136  10:16  Roach, Extractor  
  136  10:17  Roach x6, Extractor  
  144  10:24  Drone x3  
  147  10:28  Zerg Missile Weapons Level 2  
  147  10:31  Roach x3  
  147  10:33  Ravager x4  
  157  10:37  Hatchery  
  157  10:41  Ravager x3  
  159  10:45  Drone x4  
  163  10:57  Extractor  
  162  11:04  Extractor  
  162  11:06  Greater Spire  
  162  11:09  Corruptor x2  
  162  11:10  Corruptor x3  
  171  11:11  Overseer  
  171  11:14  Drone x6  
  177  11:22  Overlord  
  177  11:23  Evolution Chamber  
  178  11:29  Hatchery  
  177  11:34  Roach x3  
  177  11:43  Roach x7  
  177  11:46  Overlord  
  189  11:57  Overlord, Tunneling Claws  
  189  11:58  Burrow  
  189  11:59  Zerg Melee Weapons Level 1  
  189  12:02  Overlord  
  189  12:04  Hatchery  
  180  12:20  Pathogen Glands  
  180  12:25  Extractor  
  180  12:26  Brood Lord x4  
  180  12:27  Brood Lord  
  180  12:28  Overlord x2  
  180  12:29  Extractor  
  187  12:32  Drone x2  
  187  12:33  Drone  
  187  12:34  Corruptor x2  
  187  12:35  Corruptor x2  
  194  12:41  Drone x4  
  194  12:42  Drone x2  
  200  12:52  Overlord  
  200  13:04  Infestor  
  200  13:07  Roach x4  
  200  13:32  Infestor x8  
  179  13:51  Corruptor x4  
  181  13:56  Neural Parasite  
  181  13:58  Drone x3  
  181  14:00  Spine Crawler  
  183  14:02  Spine Crawler, Adrenal Glands  
  183  14:03  Zerg Flyer Weapons Level 1  
  182  14:10  Corruptor x2  
  182  14:12  Queen x2  
  182  14:13  Queen  
  192  14:22  Corruptor  
  192  14:24  Brood Lord x3  
  200  14:28  Spine Crawler  
  200  14:29  Spine Crawler  
  200  14:30  Spine Crawler  
  197  14:37  Drone  
  197  14:38  Drone x5  
  199  14:39  Roach x6, Drone  
  198  14:46  Brood Lord  
  198  14:52  Drone x3  
  194  15:03  Brood Lord  
  194  15:04  Brood Lord x4  
  188  15:14  Corruptor x3  
  190  15:32  Roach x6  
  198  15:36  Roach, Zergling x2  
  198  15:37  Zergling x6  
  198  15:48  Zergling x4  
  198  15:49  Corruptor  
  197  15:53  Overlord  
  199  16:10  Zergling x12  
  199  16:11  Zergling x4  
  198  16:19  Zergling x2  
  198  16:20  Zergling x2  
Tags
 
Add a new tag
Caveats
  • Supply blocks, unpowered buildings, or Contaminate may cause inaccurate times.
  • Supply counts are checked every 10 seconds.